 Dungeon Crawl Stone Soup version bcrawl-1.12-8-g964540c432 (webtiles) character file.

Game seed: 11897848679357370563

347 Morbidden the Ducker (level 6, -7/41 HPs)
             Began as a Fairy Archaeologist on June 4, 2019.
             Mangled by Pikel
             ... wielding a +2 whip of freezing
              (8 damage)
             ... on level 4 of the Dungeon.
             The game lasted 00:07:18 (3091 turns).

Morbidden the Ducker (Fairy Archaeologist)          Turns: 3091, Time: 00:07:18

Health: -7/41      AC: 10    Str:  9    XL:     6   Next: 59%
Magic:  8/8        EV: 20    Int: 24    God:
Gold:   148        SH:  5    Dex: 11    Spells: 5/5 levels left

rFire    . . .     SeeInvis .   u - +0 long sword
rCold    . . .     Gourm    .   (shield restricted)
rNeg     . . .     Faith    .   (armour unavailable)
rPois    .         Spirit   .   a - +1 hat
rElec    +         Reflect  .   (no cloak)
rCorr    .         Harm     .   c - +1 pair of gloves
MR       .....                  b - +1 pair of boots
Stlth    +.........             (no amulet)
HPRegen  0.13/turn              k - +5 ring of intelligence
MPRegen  0.11/turn              n - ring of insulation

@: flying evasively, studying Polearms
A: small, magic attunement, unstealthy, unfitting armour, able to fly, AC/SH +5
a: Stop Flying


You were on level 4 of the Dungeon.
You were not hungry.

You visited 1 branch of the dungeon, and saw 4 of its levels.

You collected 148 gold pieces.

Inventory:

Hand Weapons
 u - a +0 long sword (weapon)
Armour
 a - a +1 hat (worn)
 b - a +1 pair of boots (worn)
 c - a +1 pair of gloves (worn)
Jewellery
 k - a +5 ring of intelligence (left hand)
 n - a ring of insulation (right hand)
Wands
 s - a wand of enslavement (8)
Scrolls
 g - 5 scrolls of remove curse {unknown}
 h - 2 scrolls of identify {unknown}
 j - 4 scrolls of blinking {unknown}
 l - 2 scrolls of teleportation {unknown}
 o - a scroll of enchant armour {unknown}
 p - 2 scrolls of fog {unknown}
 t - a scroll of amnesia {unknown}
 w - a scroll of enchant weapon {unknown}
Potions
 i - a potion of curing
 m - a potion of agility {unknown}
 q - 2 potions of mutation {unknown}
 r - a potion of resistance
Books
 d - a manual of Polearms
Miscellaneous
 e - an ancient crate
Comestibles
 f - 4 rations {!d}


   Skills:
 * Level 2.9 Fighting
   Level 0.2 Maces & Flails
 * Level 2.2 Polearms
 * Level 7.6 Dodging
 + Level 2.7 Stealth


You had 5 spell levels left.
You didn't know any spells.
Your spell library was empty.

Dungeon Overview and Level Annotations

Branches:
Dungeon (4/12)
 Temple: D:4-7

Altars:
Uskayaw

Annotations:
D:4 Pikel


Innate Abilities, Weirdness & Mutations

Your spells do not cause hunger and MP costs are reduced by 1.
Your bright wings attract enemies. (Stealth-)
You cannot fit into any form of body armour.
Your shimmering scales are hard and can block incoming attacks. (AC +5, SH +5)
You are small and have problems with some larger weapons.
You can fly continuously.


Message History

You hit Pikel but do no damage.
Pikel is lightly wounded.
The slave misses you. Pikel barely misses you. The slave hits you.
The slave closely misses you. The slave barely misses you.
You slash Pikel!
Pikel is moderately wounded.
Pikel hits you but does no damage. The slave hits you!
* * * LOW HITPOINT WARNING * * *
The slave misses you. You block the slave's attack. Pikel closely misses you.
The slave closely misses you. The slave barely misses you.
You closely miss Pikel.
Pikel is moderately wounded.
The slave completely misses you. Pikel misses you. The slave hits you!
* * * LOW HITPOINT WARNING * * *
The slave completely misses you.
You hit Pikel but do no damage.
Pikel is moderately wounded.
The slave misses you.
Pikel hits you with a +2 whip of freezing!
You die...

..................
.....##...........
......###....###+###
###.#####....#≈≈≈≈≈#
### #.....#≈≈≈≈≈#
##....#≈≈≈≈≈ #....#
≈≈≈ #....###p#
#..#..pK@#
##.#$..pp# ####....#
#....# ###.## ###


You could see Pikel and 4 slaves.

Vanquished Creatures
  An ogre (D:3)
  A crimson imp (D:3)
  2 worker ants (D:3)
  2 orc wizards (D:3)
  2 adders (D:3)
  A gnoll (D:2)
  An ooze (D:2)
  2 worms
  3 dart slugs
  2 leopard geckos
  5 orcs
  2 ball pythons
  4 bats
  2 giant cockroaches (D:1)
  4 goblins
  7 hobgoblins
  16 jackals
  A quokka (D:3)
  6 frilled lizards
  14 kobolds
  9 rats
87 creatures vanquished.

Notes
Turn   | Place    | Note
-------+----------+-------------------------------------------
     0 | D:1      | Morbidden the Fairy Archaeologist began the quest for the
                  | Orb.
     0 | D:1      | Reached XP level 1. HP: 12/12 MP: 3/3
   326 | D:1      | Reached skill level 1 in Fighting
   683 | D:1      | Reached XP level 2. HP: 18/18 MP: 4/4
  1265 | D:2      | Reached XP level 3. HP: 23/23 MP: 5/5
  1276 | D:2      | Reached skill level 5 in Dodging
  1557 | D:2      | Reached XP level 4. HP: 22/28 MP: 6/6
  1994 | D:3      | Reached skill level 6 in Dodging
  2234 | D:3      | Reached skill level 1 in Polearms
  2234 | D:3      | Reached XP level 5. HP: 34/34 MP: 7/7
  2246 | D:3      | Noticed an ogre
  2248 | D:3      | Found a hide-covered altar of Uskayaw.
  2289 | D:3      | Killed an ogre
  2289 | D:3      | Reached skill level 7 in Dodging
  2289 | D:3      | Reached XP level 6. HP: 24/40 MP: 8/8
  3039 | D:4      | Noticed a slave
  3039 | D:4      | Noticed a slave
  3039 | D:4      | Noticed a slave
  3039 | D:4      | Noticed a slave
  3040 | D:4      | Noticed Pikel
  3090 | D:4      | HP: 1/41 [slave[Pikel] (7)]
  3091 | D:4      | Mangled by Pikel

Skill      XL: |  1  2  3  4  5  6 |
---------------+-------------------+-----
Fighting       | 1 2 |  2.9
Dodging        | 5 6 7 |  7.6
Polearms       | 1 2 |  2.2
Maces & Flails | |  0.2
Stealth        | |  2.7

Action                   |  1- 3 |  4- 6 || total
-------------------------+-------+-------++-------
Melee: Short sword       |   210 |   162 ||   372
       Unarmed           |    16 |       ||    16
       Flail             |       |   165 ||   165
       Long sword        |       |    16 ||    16
  Use: Potion            |       |     8 ||     8
  Eat: Chunk             |     2 |     6 ||     8
Armor: Skin              |    70 |   100 ||   170
Dodge: Dodged            |   217 |   326 ||   543
Block: Other             |    41 |    79 ||   120
